 Dungeon Crawl Stone Soup version 0.30-a0-219-gf2db51d15e (webtiles) character file.

Game seed: 2200751612412945546

499 lunkers the Insei (level 7, 0/46 HPs)
             Began as a Meteoran Transmuter on Oct 8, 2022.
             Was a Follower of Hepliaklqana.
             Slain by a gnoll
             ... wielding a +0 spear
              (6 damage)
             ... on level 6 of the Dungeon.
             The game lasted 00:03:55 (1337 turns).

lunkers the Insei (Meteoran Transmuter)             Turns: 1337, Time: 00:03:56

Health: 0/46       AC:  2    Str: 13    XL:     7   Next: 67%
Magic:  16/21      EV: 12    Int: 15    God:    Hepliaklqana [*.....]
Gold:   126        SH:  0    Dex: 15    Spells: 5/11 levels left

rFire   . . .      SeeInvis .      - Unarmed
rCold   . . .      Faith    .    (no shield)
rNeg    . . .      Spirit   .    a - +0 robe
rPois   .          Reflect  .    (no helmet)
rElec   .          Harm     .    (no cloak)
rCorr   +          Rampage  .    (no gloves)
Will    .....                    (no boots)
Stlth   +.........               (no amulet)
HPRegen 0.27/turn                h - ring of magical power
MPRegen 0.17/turn                m - ring of resist corrosion

@: lethally poisoned (0 -> -3), very slightly contaminated, glowing
A: reduced essence, sense surroundings 1, otherworldly, glowing, explore regen
a: Renounce Religion, Recall Ancestor, Ancestor Identity


You were on level 6 of the Dungeon.
You worshipped Hepliaklqana.
Hepliaklqana was aware of your devotion.
You visited 1 branch of the dungeon, and saw 6 of its levels.

You collected 126 gold pieces.

Inventory:

Armour
 a - a +0 robe (worn)
Jewellery
 h - a ring of magical power (left hand)
 m - a ring of resist corrosion (right hand)
Wands
 e - a wand of flame (14)
Scrolls
 d - a scroll of blinking
 f - a scroll of fear
 g - a scroll of poison {unknown}
 i - a scroll of amnesia {unknown}
 k - 4 scrolls of brand weapon {unknown}
 l - a scroll of enchant weapon {unknown}
 o - a scroll of acquirement {unknown}
Potions
 b - a potion of lignification
 c - 3 potions of flight
 n - 2 potions of heal wounds
 p - a potion of might {unknown}


   Skills:
 - Level 1.1 Fighting
 - Level 2.4 Dodging
 + Level 7.2 Unarmed Combat
 - Level 2.6 Spellcasting
 + Level 6.6 Transmutations


You had 5 spell levels left.
You knew the following spells:

 Your Spells              Type           Power      Damage    Failure   Level
b - Wereblood             Tmut           21%        N/A       1%          2
c - Spider Form           Tmut/Pois      11%        N/A       16%         3
p - Beastly Appendage     Tmut           42%        N/A       1%          1

Your spell library contained the following spells:

 Spells                   Type           Power      Damage    Failure   Level
 Ice Form                 Ice/Tmut       11%        N/A       47%         4


Dungeon Overview and Level Annotations

Branches:
Dungeon (6/15) Zot: 2281   Temple (0/1) D:5

Altars:
Ashenzari
Cheibriados
Hepliaklqana
Kikubaaqudgha
Okawaru
Xom

Shops:
D:3 (


Innate Abilities, Weirdness & Mutations

Your life essence is reduced to manifest your ancestor. (-10% HP)
You passively map a small area around you.
You are easily found by Zot.
You glow in the dark.
You regain HP and MP as you explore.


Message History

You see here 14 gold pieces.
The kobold brigand shouts!
You hit the iguana but do no damage. The hound bites you.
The hound bites you but does no damage.
You hit the iguana.
The iguana is moderately wounded.
The iguana closely misses you.
A jelly comes into view.
The hound closely misses you.
Thoko hits the hound but does no damage.
Casting: Spider Form (dangerous; 16% risk of failure)
Confirm with . or Enter, or press ? or * to list all spells.
You miscast Spider Form.
You are very lightly contaminated with residual magic.
Nothing appears to happen.
The hound bites you but does no damage. The iguana bites you.
A kobold comes into view. It is wielding a +0 short sword.
The hound bites you.
Thoko closely misses the hound.
You hit the iguana but do no damage.
The iguana is moderately wounded.
The iguana bites you.
A kobold comes into view. It is wielding a +0 dagger.
The hound bites you.
You hit the iguana but do no damage.
The iguana is moderately wounded.
Thoko misses the hound.
The hound closely misses you. The iguana bites you!
* * * LOW HITPOINT WARNING * * *
The iguana attacks as you move away! The iguana bites you.
* * * LOW HITPOINT WARNING * * *
The iguana bites Thoko!
The hound bites you.
* * * LOW HITPOINT WARNING * * *
Casting: Spider Form (dangerous; 16% risk of failure)
Confirm with . or Enter, or press ? or * to list all spells.
You miscast Spider Form.
You feel incredibly sick.
You are poisoned.
* * * LOW HITPOINT WARNING * * *
You feel sick.
Thoko hits the iguana.
The hound closely misses you.
The iguana completely misses Thoko.
The gnoll hits you from afar with a +0 spear.
You die...

, * #..#...#...###* *
, * ## #...#..†....# ,
, * #.#* ##.##.#.†.#.#
,
*#..###...............
,
,#..#..#...#.###.#.##
#...#.#....# .#... ,
##.###.#..## # ##
##...#.#...# , *
#....@#....#, * *
#...###hR.##.# , ,
##.# #lg## .#* * #KJ.
.# , * ,,,.K.?. ## ,*
* * ...#... **
#J#K###.. ...##*,...
..#. #..* ,


You could see the friendly Thoko the ancestor, a kobold brigand, an iguana (ally
target), a hound, a jelly, a gnoll and 2 kobolds.

Vanquished Creatures
  A bullfrog (D:6)
  4 hounds (D:5)
  An iguana (D:5)
  2 orc wizards
  7 adders
  A shadow imp (D:6)
  An ufetubus (D:5)
  A dart slug (D:5)
  8 orcs
  3 ball pythons
  3 endoplasms
  3 giant cockroaches
  4 hobgoblins
  A quokka (D:3)
  2 frilled lizards
  3 goblins
  5 kobolds
  2 rats
52 creatures vanquished.

Vanquished Creatures (collateral kills)
  A water moccasin (D:6)
1 creature vanquished.

Grand Total: 53 creatures vanquished

Notes
Turn   | Place    | Note
-------+----------+-------------------------------------------
     0 | D:1      | lunkers the Meteoran Transmuter began the quest for the
                  | Orb.
     0 | D:1      | Reached XP level 1. HP: 16/16 MP: 5/5
   130 | D:1      | Reached XP level 2. HP: 16/23 MP: 6/6
   164 | D:1      | Reached skill level 4 in Unarmed Combat
   184 | D:2      | Reached XP level 3. HP: 27/28 MP: 8/8
   190 | D:2      | Learned a level 2 spell: Wereblood
   194 | D:2      | Learned a level 3 spell: Spider Form
   432 | D:3      | Reached XP level 4. HP: 35/35 MP: 9/9
   488 | D:3      | Found a hazy altar of Hepliaklqana.
   493 | D:3      | Found a shimmering altar of Xom.
   493 | D:3      | Found a snail-covered altar of Cheibriados.
   494 | D:3      | Found an ancient bone altar of Kikubaaqudgha.
   505 | D:3      | Found an iron altar of Okawaru.
   513 | D:3      | Became a worshipper of Hepliaklqana the Forgotten
   575 | D:3      | Found Werph's Antique Weapon Shop.
   791 | D:5      | Entered Level 5 of the Dungeon
   837 | D:5      | Reached skill level 5 in Unarmed Combat
   837 | D:5      | Reached XP level 5. HP: 26/40 MP: 10/10
   858 | D:5      | Found a broken altar of Ashenzari.
   962 | D:5      | Reached skill level 5 in Transmutations
   962 | D:5      | Reached XP level 6. HP: 46/47 MP: 11/11
  1005 | D:5      | Reached * piety under Hepliaklqana
  1008 | D:5      | Reached skill level 6 in Unarmed Combat
  1219 | D:5      | Found a staircase to the Ecumenical Temple.
  1278 | D:6      | Reached XP level 7. HP: 29/46 MP: 12/12
  1304 | D:6      | Noticed a water moccasin
  1315 | D:6      | Killed a water moccasin
  1316 | D:6      | Reached skill level 7 in Unarmed Combat
  1337 | D:6      | Slain by a gnoll

Illustrated notes

Levels and vault maps discovered:
D:1:      evilmike_arrival_plus, layout_basic,
          hellmonk_ecumenical_altar_inner_sanctum, nicolae_titane
D:2:      layout_rooms, corexii_item_surrounded_by_moat, grunt_decor_junction,
          minmay_stone_trees_small
D:3:      layout_basic, grunt_temple_overflow_open, serial_shops, shop
D:4:      layout_cave_pools, hangedman_decor_growths
D:5:      layout_basic, yredelemnul_forgotten_temple_becter,
          nicolae_ashenzari_panopticon, minmay_temple_entry_from_below_a
D:6:      hellmonk_destroyed_diamonds, layout_basic, serial_shops,
          kennysheep_mini

Skill      XL: |  1  2  3  4  5  6  7 |
---------------+----------------------+-----
Unarmed Combat | 4 5 6 7 |  7.2
Transmutations | 3 4 5 6 |  6.6
Fighting       | |  1.1
Dodging        | |  2.4
Spellcasting   | |  2.6

Action                   |  1- 3 |  4- 6 |  7- 9 || total
-------------------------+-------+-------+-------++-------
Melee: Unarmed           |    55 |   100 |    16 ||   171
       Kick              |    15 |     5 |       ||    20
       Headbutt          |     3 |     2 |       ||     5
       Punch             |     1 |     1 |       ||     2
 Cast: Beastly Appendage |    13 |     5 |       ||    18
       Spider Form       |       |     5 |     1 ||     6
  Use: Scroll            |       |     6 |       ||     6
       Potion            |       |     1 |     1 ||     2
 Stab: Distracted        |       |     1 |       ||     1
Armor: Robe              |     8 |     7 |     2 ||    17
       Skin              |       |       |     3 ||     3
Dodge: Dodged            |    24 |    64 |    20 ||   108

Table legend: (Time is in decaauts)
 A = Elapsed time spent in this place.
 B = Non-inter-level travel time spent in this place.
 C = Inter-level travel time spent in this place.
 D = Time resting spent in this place.
 E = Time spent auto-exploring this place.
 F = Levels seen in this place.
 G = Mean time per level.
                   A        B        C        D        E       F      G
               +--------+--------+--------+--------+--------+-----+--------+
         Total |   1317 |   1203 |    114 |      0 |    737 |   6 |  219.5 |
       Dungeon |   1317 |   1203 |    114 |      0 |    737 |   6 |  219.5 |
               +--------+--------+--------+--------+--------+-----+--------+

Top non-repeatable levels by time:
     D:5: 451 daAuts
     D:3: 257 daAuts
     D:2: 188 daAuts
     D:1: 175 daAuts
     D:4: 160 daAuts
     D:6: 84 daAuts
